 Dungeon Crawl Stone Soup version 0.24.0-13-gcf9b319 (webtiles) character file.

Game seed: 7350444916369576969, levelgen mode: deterministic

51 Bronimir the Magician (level 3, -4/22 HPs)
             Began as an Octopode Wizard on Mar 3, 2020.
             Slain by a worm (12 damage)
             ... on level 2 of the Dungeon.
             The game lasted 00:04:10 (1091 turns).

Bronimir the Magician (Octopode Wizard)             Turns: 1091, Time: 00:04:10

Health: -4/22      AC:  1    Str:  7    XL:     3   Next: 83%
Magic:  1/8        EV: 13    Int: 20    God:
Gold:   39         SH:  0    Dex: 10    Spells: 3/10 levels left

rFire    . . .     SeeInvis .   b - +0 mace
rCold    . . .     Gourm    .   (no shield)
rNeg     . . .     Faith    .   a - +0 hat
rPois    .         Spirit   .   (no amulet)
rElec    .         Reflect  .   g - ring of flight
rCorr    .         Harm     .   (no ring)
MR       .....                  (no ring)
Stlth    +++.......             (no ring)
HPRegen  0.07/turn              (no ring)
MPRegen  0.11/turn              (no ring)
                                (no ring)
                                (no ring)

@: no status effects
A: almost no armour, stealthy swim, amphibious, 8 rings, constrict 8, camouflage
1, gelatinous body 1
a: Evoke Flight


You were on level 2 of the Dungeon.
You were not hungry.

You visited 1 branch of the dungeon, and saw 2 of its levels.

You collected 39 gold pieces.

Inventory:

Hand Weapons
 b - a +0 mace (weapon)
Missiles
 d - 18 poisoned darts (quivered)
 f - 16 sling bullets
 m - 27 arrows
 p - 3 stones
Armour
 a - a +0 hat (worn)
Jewellery
 g - a ring of flight (left tentacle)
 n - an uncursed amulet of magic regeneration {unknown}
Scrolls
 e - 2 scrolls of identify {unknown}
 i - a scroll of magic mapping {unknown}
 j - a scroll of fear {unknown}
 k - a scroll of blinking {unknown}
Potions
 h - a potion of magic {unknown}
 l - a potion of brilliance {unknown}
Comestibles
 c - 2 rations
 o - 5 chunks of flesh


   Skills:
 + Level 0.8 Fighting
 + Level 2.1 Dodging
 - Level 2.6 Stealth
 + Level 4.0 Spellcasting
 * Level 1.2 Conjurations
 + Level 1.1 Summonings
 + Level 1.0 Translocations


You had 3 spell levels left.
You knew the following spells:

 Your Spells              Type           Power        Failure   Level  Hunger
a - Magic Dart            Conj           #...         8%          1    None
b - Blink                 Tloc           N/A          13%         2    #......
c - Call Imp              Summ           #.......     12%         2    #......
d - Slow                  Hex            #.......     19%         2    #......

Your spell library contained the following spells:

 Spells                   Type           Power        Failure   Level  Hunger
 Conjure Flame            Conj/Fire      #.......     30%         3    ###....
 Mephitic Cloud           Conj/Pois/Air  #.......     32%         3    ###....


Dungeon Overview and Level Annotations

Branches:
Dungeon (2/15)

Altars:


Innate Abilities, Weirdness & Mutations

You cannot wear most types of armour.
You are very stealthy in the water. (Stealth+)
You are amphibious.
You can wear up to eight rings at the same time.
You can use your tentacles to constrict eight enemies at once.
Your skin changes colour to match your surroundings (Stealth+).
Your rubbery body absorbs attacks. (AC +1, EV +1)


Message History

The magic dart hits the worm.
The worm is moderately wounded.
Casting: Magic Dart (safe; 8% risk of failure)
Confirm with . or Enter, or press ? or * to list all spells.
Aiming: Magic Dart (safe; 8% risk of failure)
Press: ? - help, Shift-Dir - straight line, f/p - worm
Aim: a worm (moderately wounded)
The magic dart hits the worm.
The worm is heavily wounded.
Casting: Magic Dart (safe; 8% risk of failure)
Confirm with . or Enter, or press ? or * to list all spells.
You don't have enough magic to cast that spell.
Unknown command.
The worm bites you.
You hit the worm. You grab the worm.
The worm is heavily wounded.
You constrict the worm, but do no damage.
The worm bites you!
Ouch! That really hurt!
You die...

###+#.## #.#
#......
#......# #.#
#......
#....#.#
#.#######.##
#....#.#
#.........#
###'##.#
###########
#.##.#
#.##.#
#.##.#.#
#.##@#.##
#.##w#...
#.##.#..
#.##÷#..
#.#.####
#÷#....####
#.#.......#
#..g......=.
#.#...†.....


You could see a worm.

Vanquished Creatures
  3 adders (D:2)
  A leopard gecko (D:2)
  6 bats
  2 giant cockroaches
  5 hobgoblins
  A frilled lizard (D:1)
  A goblin (D:1)
  2 kobolds (D:2)
  5 rats
26 creatures vanquished.

Vanquished Creatures (collateral kills)
  2 giant cockroaches (D:1)
2 creatures vanquished.

Grand Total: 28 creatures vanquished

Notes
Turn   | Place    | Note
-------+----------+-------------------------------------------
     0 | D:1      | Bronimir the Octopode Wizard began the quest for the Orb.
     0 | D:1      | Reached XP level 1. HP: 11/11 MP: 4/4
   159 | D:1      | Reached XP level 2. HP: 11/17 MP: 0/6
   301 | D:1      | Learned a level 2 spell: Blink
   304 | D:1      | Learned a level 2 spell: Call Imp
   307 | D:1      | Learned a level 2 spell: Slow
   573 | D:2      | Reached XP level 3. HP: 21/21 MP: 1/8
   690 | D:2      | Reached skill level 4 in Spellcasting
  1091 | D:2      | Slain by a worm

Levels and vault maps discovered:
D:1:      elethiomel_arrival_shortcut, layout_rooms
D:2:      minmay_recursive_quarters, layout_basic,
          chequers_temple_overflow_statue_of_worship,
          grunt_temple_overflow_opulence

Skill      XL: |  1  2  3 |
---------------+----------+-----
Spellcasting   | 4 |  4.0
Fighting       | |  0.8
Dodging        | |  2.1
Stealth        | |  2.6
Conjurations   | |  1.2
Summonings     | |  1.1
Translocations | |  1.0

Action                   || total
-------------------------++-------
Melee: Mace              ||    33
       Constrict         ||     8
       Tentacles         ||     2
Throw: Dart              ||     2
 Cast: Magic Dart        ||    51
       Call Imp          ||     5
       Blink             ||     1
  Eat: Chunk             ||     1
Armor: Skin              ||     3
Dodge: Dodged            ||    46
